 Dungeon Crawl Stone Soup version 0.27.1 (webtiles) character file.

Game seed: 6162972241166792984

6539 ZARRMARR the Basher (level 10, -7/91 HPs)
             Began as a Minotaur Berserker on Aug 22, 2021.
             Was a High Priest of Trog.
             Mangled by a brown ugly thing (8 damage)
             ... on level 12 of the Dungeon.
             The game lasted 00:46:15 (10708 turns).

ZARRMARR the Basher (Minotaur Berserker)           Turns: 10708, Time: 00:46:15

Health: -7/91      AC: -1    Str: 25    XL:     10   Next: 70%
Magic:  9/9        EV: 15    Int:  4    God:    Trog [*****.]
Gold:   545        SH:  5    Dex: 22    Spells: 9/9 levels left

rFire    . . .     SeeInvis .   a - +0 mace
rCold    . . .     Faith    +   m - +0 buckler
rNeg     . . .     Spirit   .   y - +0 scale mail
rPois    .         Reflect  .   (helmet restricted)
rElec    .         Harm     .   (no cloak)
rCorr    .         Rampage  .   w - +0 pair of gloves
Will     .....                  (no boots)
Stlth    ..........             N - amulet of faith
HPRegen  0.25/turn              E - +6 ring of dexterity
MPRegen  0.11/turn              o - +6 ring of dexterity

@: mighty, corroded, on berserk cooldown, slowed, studying Dodging, very slow
A: horns 2, retaliatory headbutt
a: Renounce Religion, Berserk, Trog's Hand, Brothers in Arms


You were on level 12 of the Dungeon.
You worshipped Trog.
Trog was extremely pleased with you.
You visited 1 branch of the dungeon, and saw 10 of its levels.
You also visited: Sewer.

You collected 545 gold pieces.

Inventory:

Hand Weapons
 a - a +0 mace (weapon)
Missiles
 b - 9 atropa-tipped darts
 d - 258 stones
 f - 29 poisoned darts
 s - 6 boomerangs (quivered)
 u - 2 curare-tipped darts
 P - 3 datura-tipped darts
Armour
 m - a +0 buckler (worn)
 w - a +0 pair of gloves (worn)
 y - a +0 scale mail (worn)
 J - a +0 kite shield
 L - +0 steam dragon scales
Jewellery
 i - the ring "Seunuw" {Ice Dex+3}
   (You acquired it on level 2 of the Dungeon)

   [ring of ice]

   It enhances your ice magic.
   Dex:       It affects your dexterity (+3).
   rF:        It makes you vulnerable to fire.
   rC:        It protects you from cold.
 o - a +6 ring of dexterity (right hand)
 r - a ring of resist corrosion
 E - a +6 ring of dexterity (left hand)
 F - a ring of fire
 G - a ring of ice
 H - a +6 ring of strength
 N - an amulet of faith (around neck)
 Q - a ring of positive energy
Wands
 B - a wand of paralysis (16)
 D - a wand of iceblast (11)
 I - a wand of flame (15)
 O - a wand of polymorph (12)
Scrolls
 c - 4 scrolls of teleportation
 j - 2 scrolls of enchant weapon
 k - 2 scrolls of torment
 C - 2 scrolls of enchant armour
 K - a scroll of fog {unknown}
 M - a scroll of magic mapping {unknown}
Potions
 e - 4 potions of resistance
 g - 2 potions of flight {unknown}
 h - 5 potions of haste
 l - 3 potions of mutation
 n - 6 potions of curing
 p - 3 potions of lignification
 q - 3 potions of degeneration {unknown}
 t - a potion of might
 v - 2 potions of invisibility
 x - 3 potions of magic {unknown}
 z - a potion of heal wounds {unknown}
 A - 2 potions of experience {unknown}


   Skills:
 + Level 9.4 Fighting
 + Level 12.8 Maces & Flails
 + Level 10.1 Armour
 + Level 7.4 Dodging
 + Level 2.6 Shields


You had 9 spell levels left.
You didn't know any spells.
Your spell library contained the following spells:

 Spells                   Type           Power      Damage    Failure   Level
 Beastly Appendage        Tmut           0%         N/A       80%         1
 Magic Dart               Conj           0%         1d3       80%         1
 Shock                    Conj/Air       0%         1d3       80%         1
 Blink                    Tloc           N/A        N/A       91%         2
 Searing Ray              Conj           0%         3d3       91%         2
 Wereblood                Tmut           0%         N/A       91%         2
 Lesser Beckoning         Tloc           0%         N/A       99%         3
 Spider Form              Tmut/Pois      0%         N/A       99%         3
 Stone Arrow              Conj/Erth      0%         3d7       99%         3
 Swiftness                Air            0%         N/A       99%         3
 Airstrike                Air            0%         N/A       100%        4
 Fulminant Prism          Conj/Hex       0%         3d6       100%        4
 Bolt of Magma            Conj/Fire/Erth 0%         4d4       100%        5
 Manifold Assault         Tloc           0%         N/A       100%        5
 Shatter                  Erth           0%         3d5*      100%        9


Dungeon Overview and Level Annotations

Branches:
Dungeon (9/15)             Temple (0/1) D:5           Sewer (visited)
   Lair: D:8-11         Orc: D:9-12

Altars:
Fedhas
Gozag
Kikubaaqudgha
Ru
Sif Muna
Wu Jian
Yredelemnul
Zin

Shops:
D:3 ?   D:6 *[


Innate Abilities, Weirdness & Mutations

You have a pair of horns on your head.
You reflexively headbutt those who attack you in melee.


Message History

The brown ugly thing punches you but does no damage.
You sock the brown ugly thing! You headbutt the brown ugly thing.
The brown ugly thing is severely wounded.
The brown ugly thing punches you but does no damage.
You sock the brown ugly thing!
The brown ugly thing is severely wounded.
The brown ugly thing closely misses you.
You furiously retaliate!
You headbutt the brown ugly thing, but do no damage.
The brown ugly thing punches you. The acid corrodes you!
You are splashed with acid!
You completely miss the brown ugly thing.
You headbutt the brown ugly thing, but do no damage.
The brown ugly thing is severely wounded.
The brown ugly thing punches you!
You are splashed with acid.
You hit the brown ugly thing but do no damage.
The brown ugly thing is severely wounded.
The brown ugly thing punches you! The acid corrodes you!
You are splashed with acid!
You hit the brown ugly thing.
The brown ugly thing is severely wounded.
The brown ugly thing misses you. You furiously retaliate!
You headbutt the brown ugly thing, but do no damage.
You feel very mighty all of a sudden. The brown ugly thing punches you!
The acid corrodes you!
You are splashed with acid!
* * * LOW HITPOINT WARNING * * *
You block the brown ugly thing's attack.
You thump the brown ugly thing!
Your headbutt misses the brown ugly thing.
The brown ugly thing is almost dead.
The brown ugly thing punches you!
* * * LOW HITPOINT WARNING * * *
You are splashed with acid!
* * * LOW HITPOINT WARNING * * *
Unknown command.
You closely miss the brown ugly thing.
The brown ugly thing is almost dead.
The brown ugly thing punches you!
You die...

.....## ......# ......#
......# ......#
########## ......##
#......... .......##
#.........
........#######.......!.
......#......<†.@u......
......##....#†#.........
......##......#../......
......##....###.........
.....###....# #.........
....## ###.## #...!.....
##.... #.# #..>.).?..
.### #.# ..######## #


You could see a brown ugly thing.

Vanquished Creatures
  A gargoyle (D:12)
  Prince Ribbit (D:7)
  A wraith (D:12)
  A steam dragon (D:8)
  6 yaks (D:12)
  6 vampire mosquitoes (D:12)
  2 water moccasins
  Duvessa (D:7)
  4 ice beasts
  A sky beast (D:5)
  A necrophage (D:4)
  A black bear (D:5)
  The ghost of Noa09 the Chopper, an amateur HOBe of Trog (D:3)
  5 centaurs
  7 ogres
  4 kobold brigands
  A gnoll sergeant (D:7)
  A scorpion (D:5)
  Dowan (D:7)
  3 water moccasin skeletons
  6 killer bees (D:9)
  3 wights (D:9)
  2 howler monkeys
  A centaur zombie (D:9)
  A bullfrog zombie (D:3)
  3 quasits (D:3)
  3 jellies
  2 orc priests
  2 bullfrog skeletons
  2 centaur skeletons (D:7)
  A gnoll shaman (D:2)
  Natasha (thrice) (D:2)
  3 iguanas
  3 orc wizards
  A killer bee zombie (D:6)
  Robin (D:2)
  2 howler monkey zombies (D:6)
  9 gnolls
  9 adders
  4 river rats (Sewer)
  A shadow imp (D:8)
  A white imp (D:6)
  An ufetubus (D:7)
  2 adder skeletons
  A worm (D:5)
  5 dart slugs
  5 orcs
  5 endoplasms
  3 giant cockroaches
  12 goblins
  11 hobgoblins
  11 jackals (D:1)
  5 quokkas
  5 ball pythons
  3 bats (D:1)
  9 frilled lizards
  21 kobolds
  22 rats
233 creatures vanquished.

Notes
Turn   | Place    | Note
-------+----------+-------------------------------------------
     0 | D:1      | ZARRMARR the Minotaur Berserker began the quest for the
                  | Orb.
     0 | D:1      | Reached XP level 1. HP: 19/19 MP: 0/0
   131 | D:1      | Reached skill level 4 in Maces & Flails
   131 | D:1      | Reached XP level 2. HP: 27/27 MP: 1/1
   386 | D:1      | You fall into a shaft and drop 1 floor!
   415 | D:2      | Reached XP level 3. HP: 33/33 MP: 2/2
   476 | D:2      | Identified the +0 helmet "Guati" {rElec rPois rCorr}
   476 | D:2      | Noticed Robin
   485 | D:2      | Killed Robin
   493 | D:2      | Reached ** piety under Trog
   705 | D:1      | Reached XP level 4. HP: 41/41 MP: 3/3
   811 | D:1      | Found a faded altar of an unknown god.
  1072 | D:2      | Reached skill level 5 in Maces & Flails
  1132 | D:2      | Reached XP level 5. HP: 47/47 MP: 4/4
  1342 | D:2      | Noticed Natasha
  1349 | D:2      | Killed Natasha
  1596 | D:2      | Noticed Natasha
  1601 | D:2      | Killed Natasha
  1602 | D:2      | Reached skill level 5 in Fighting
  1711 | D:2      | Identified a scroll of acquirement
  1712 | D:2      | Acquired the ring "Seunuw" {Ice Dex+3}
  1810 | D:2      | Noticed Natasha
  1822 | D:2      | Killed Natasha
  2110 | D:3      | Found Itweocly's Magic Scroll Boutique.
  2124 | D:3      | Reached skill level 6 in Maces & Flails
  2124 | D:3      | Reached XP level 6. HP: 56/56 MP: 5/5
  2215 | D:3      | Found an ancient bone altar of Kikubaaqudgha.
  2232 | D:3      | Found a transporter.
  2239 | D:3      | Noticed Noa09's ghost (amateur HOBe)
  2283 | D:3      | Reached *** piety under Trog
  2457 | D:3      | Found a transporter.
  2677 | D:3      | Found a glowing silver altar of Zin.
  2678 | D:3      | Noticed an angel
  2738 | D:3      | Killed Noa09's ghost
  2739 | D:3      | Reached XP level 7. HP: 51/61 MP: 6/6
  3060 | D:4      | Reached skill level 5 in Armour
  3256 | D:4      | Reached skill level 7 in Maces & Flails
  3839 | D:5      | Entered Level 5 of the Dungeon
  3910 | D:5      | Reached skill level 8 in Maces & Flails
  3928 | D:5      | Reached XP level 8. HP: 67/70 MP: 7/7
  4070 | D:5      | Found a glowing drain.
  4074 | Sewer    | Entered a sewer
  4274 | Sewer    | Reached **** piety under Trog
  4275 | Sewer    | Reached skill level 9 in Maces & Flails
  4937 | Sewer    | Acquired a manual of Dodging
  5292 | D:5      | Reached skill level 5 in Dodging
  5342 | D:5      | Reached skill level 10 in Maces & Flails
  5385 | D:5      | Found a staircase to the Ecumenical Temple.
  5490 | D:5      | Found a blossoming altar of Fedhas.
  5597 | D:5      | Reached XP level 9. HP: 79/79 MP: 8/8
  6237 | D:6      | Reached skill level 11 in Maces & Flails
  6238 | D:6      | Found Cinapp's Armour Boutique.
  6248 | D:6      | Reached ***** piety under Trog
  6280 | D:6      | Found Ziet's Assorted Antiques.
  6470 | D:6      | Found an ornate altar of the Wu Jian Council.
  7676 | D:7      | Noticed Prince Ribbit
  7683 | D:7      | Killed Prince Ribbit
  8084 | D:7      | Noticed Duvessa
  8084 | D:7      | Noticed Dowan
  8087 | D:7      | Killed Duvessa
  8091 | D:7      | Killed Dowan
  8556 | D:8      | Found a shimmering blue altar of Sif Muna.
  8700 | D:8      | Found a basalt altar of Yredelemnul.
  8793 | D:8      | Found an opulent altar of Gozag.
  8816 | D:8      | Found a faded altar of an unknown god.
  8872 | D:8      | Found a sacrificial altar of Ru.
  9171 | D:8      | Reached skill level 12 in Maces & Flails
  9692 | D:9      | Reached XP level 10. HP: 90/90 MP: 9/9
 10161 | D:9      | You fall into a shaft and drop 3 floors!
 10184 | D:12     | Reached skill level 1 in Shields
 10211 | D:12     | Noticed a gargoyle
 10219 | D:12     | Killed a gargoyle
 10683 | D:12     | Reached skill level 10 in Armour
 10690 | D:12     | Noticed a brown ugly thing
 10707 | D:12     | HP: 1/91 [acid (8)]
 10708 | D:12     | Mangled by a brown ugly thing

Illustrated notes

Levels and vault maps discovered:
D:1:      enne_arrival_octagon_isle, layout_rooms,
          hellmonk_ecumenical_altar_run_dry, due_unseen_surprise
D:2:      layout_basic, minmay_misc_feat_iff, uniq_robin, uniq_natasha
D:3:      layout_rooms, mainiacjoe_overflow_small_starburst, zin_angel,
          serial_shops, nicolae_shop_crystal, gammafunk_ghost_stat_death
D:4:      layout_rooms, serial_rivers, chequers_serial_rivers_large_a,
          chequers_serial_rivers_room_a, chequers_serial_rivers_micro_d,
          chequers_serial_rivers_marsh, hangedman_feature_mirror
D:5:      layout_basic, mainiacjoe_overflow_cross_hatched,
          minmay_temple_entry_statues_pillars, portal_sewer_entry_e
D:6:      layout_layer_cave, mainiacjoe_overflow_24_doors, serial_shops, shop,
          kennysheep_mini
D:7:      layout_basic, uniq_duvessa, uniq_prince_ribbit1
D:8:      layout_cave_pods, mainiacjoe_overflow_boulevard,
          kennysheep_little_box, mainiacjoe_overflow_catwalk,
          mainiacjoe_overflow_brackets, serial_column_ruins,
          column_ruins_temple_hut, column_ruins_grid_1, column_ruins_grid_4,
          column_ruins_open_medium
D:9:      layout_loops_cross, serial_shops, nicolae_shop_waterfront
D:12:     layout_rooms, uniq_azrael

Skill      XL: |  1  2  3  4  5  6  7  8  9 10 |
---------------+-------------------------------+-----
Maces & Flails | 4 5 6 8 10 12 | 12.8
Fighting       | 4 5 6 7 8 9 |  9.4
Armour         | 3 4 5 6 8 10 | 10.1
Dodging        | 3 4 5 6 7 |  7.4
Shields        | 2 |  2.6

Action                   |  1- 3 |  4- 6 |  7- 9 | 10-12 || total
-------------------------+-------+-------+-------+-------++-------
Melee: Mace              |    55 |    89 |   256 |    97 ||   497
       Headbutt          |     4 |    14 |    76 |    29 ||   123
Throw: Stone             |    36 |    47 |    48 |       ||   131
       Boomerang         |       |       |   121 |    11 ||   132
       Dart              |       |       |     1 |       ||     1
Invok: Berserk           |     6 |     8 |    23 |     6 ||    43
  Use: Scroll            |       |     4 |    12 |       ||    16
       Potion            |       |       |       |     2 ||     2
Armor: Ring mail         |    10 |    34 |    24 |       ||    68
       Scale mail        |       |       |    42 |    20 ||    62
Dodge: Dodged            |    41 |    74 |   131 |    50 ||   296
Block: Buckler           |       |       |     4 |    19 ||    23
